Map: Blood Boil LE

Players

lIlIlIlIlIlI

  • Race: Protoss Protoss
  • League: Master
  • Spawn Location: 11:00

IIIIIIIIIIII - Winner!

  • Race: Terran Terran
  • League: Grandmaster
  • Spawn Location: 5:00

VOD

Have the link to the VOD?

Description

Time

  • Played on: May 26, 2017, 2:25 p.m.
  • Length: 16:58
Show
View Real Time Build Order
Export as new Build Order

lIlIlIlIlIlI Protoss 

Build Orders: 1 Gate Expand, Oracle Opening, Phoenix Opening 

Get SALT Encoding   

  12  0:00  Probe (Chrono Boost), Unknown  
  13  0:11  Probe (Chrono Boost)  
  14  0:18  Pylon  
  14  0:22  Probe (Chrono Boost)  
  15  0:37  Probe (Chrono Boost), Gateway  
  16  0:47  Probe (Chrono Boost)  
  16  0:49  Assimilator  
  17  0:58  Probe (Chrono Boost)  
  18  1:08  Probe (Chrono Boost)  
  19  1:21  Nexus  
  19  1:24  Probe (Chrono Boost)  
  20  1:35  Cybernetics Core  
  20  1:36  Probe (Chrono Boost)  
  21  1:43  Assimilator  
  22  1:47  Probe (Chrono Boost)  
  22  1:52  Pylon  
  22  1:57  Probe (Chrono Boost)  
  23  2:10  Probe (Chrono Boost)  
  23  2:11  Adept (Chrono Boost), Warp Gate  
  26  2:22  Probe  
  27  2:33  Stargate, Probe  
  27  2:34  Probe  
  29  2:37  Adept (Chrono Boost)  
  29  2:43  Probe  
  31  2:46  Probe  
  33  2:54  Probe  
  34  2:58  Probe  
  34  3:01  Adept (Chrono Boost)  
  34  3:04  Probe  
  37  3:09  Oracle (Chrono Boost)  
  37  3:10  Probe  
  39  3:15  Probe  
  39  3:19  Pylon  
  43  3:23  Probe  
  44  3:28  Gateway  
  44  3:29  Mothership Core, Gateway  
  46  3:37  Probe  
  46  3:40  Pylon  
  47  3:48  Probe  
  47  3:49  Probe  
  47  3:50  Phoenix (Chrono Boost)  
  51  4:01  Probe  
  52  4:02  Probe  
  52  4:03  Nexus  
  52  4:08  Pylon  
  53  4:18  Phoenix (Chrono Boost)  
  53  4:20  Probe x2  
  57  4:31  Probe  
  57  4:32  Probe  
  57  4:35  Twilight Council  
  57  4:37  Forge  
  59  4:39  Pylon  
  59  4:42  Probe  
  59  4:43  Phoenix (Chrono Boost)  
  62  4:47  Probe  
  63  4:56  Probe  
  63  5:04  Probe, Phoenix (Chrono Boost)  
  63  5:07  Probe  
  66  5:08  Assimilator  
  66  5:11  Protoss Ground Weapons Level 1  
  67  5:14  Probe  
  67  5:16  Probe  
  67  5:18  Pylon, Probe  
  70  5:25  Probe, Assimilator  
  71  5:28  Probe  
  71  5:30  Resonating Glaives (Chrono Boost), Probe  
  71  5:35  Probe  
  73  5:40  Probe  
  73  5:41  Gateway  
  72  5:43  Probe, Gateway  
  72  5:46  Probe, Gateway  
  72  5:47  Phoenix  
  76  5:53  Probe  
  76  5:55  Probe  
  76  5:56  Probe  
  78  5:58  Adept x2  
  78  6:01  Adept  
  85  6:05  Probe  
  85  6:07  Probe x2  
  88  6:12  Phoenix (Chrono Boost)  
  90  6:19  Adept, Sentry, Gateway  
  90  6:22  Gateway  
  94  6:27  Pylon x2  
  94  6:31  Adept  
  96  6:35  Phoenix (Chrono Boost)  
  98  6:42  Pylon, Adept  
  98  6:46  Adept  
  98  6:47  Photon Cannon, Pylon  
  102  6:51  Probe x2  
  102  6:53  Probe  
  105  7:01  Assimilator  
  105  7:03  Probe  
  105  7:04  Probe  
  105  7:05  Probe  
  105  7:06  Robotics Facility  
  105  7:07  Sentry x2  
  112  7:11  Nexus  
  112  7:16  Probe x2  
  112  7:21  Phoenix (Chrono Boost)  
  116  7:29  Probe  
  116  7:30  Probe x2  
  116  7:31  Protoss Ground Weapons Level 2, Pylon  
  117  7:38  Photon Cannon  
  117  7:39  Photon Cannon  
  117  7:41  Pylon, Probe  
  117  7:43  Assimilator  
  118  7:45  Pylon  
  118  7:46  Probe x2  
  118  7:47  Assimilator  
  120  7:53  Warp Prism (Chrono Boost)  
  120  7:54  Probe  
  120  7:58  Probe x2  
  125  8:03  Photon Cannon  
  125  8:07  Adept x4  
  125  8:08  Adept x4  
  141  8:14  Probe  
  141  8:29  Warp Prism (Chrono Boost)  
  141  8:33  Adept x5  
  141  8:34  Adept x3  
  159  8:43  Fleet Beacon  
  159  8:44  Stargate  
  159  8:47  Stargate  
  159  8:50  Nexus  
  157  8:57  Void Ray  
  161  9:03  Pylon x2  
  161  9:08  Pylon  
  161  9:14  Protoss Air Weapons Level 1  
  161  9:16  Mothership  
  157  9:26  Adept x8  
  171  9:43  Probe x2  
  171  9:44  Probe x2  
  163  9:47  Assimilator  
  163  9:49  Assimilator  
  145  9:52  Photon Cannon  
  145  9:58  Carrier x3 (Chrono Boost)  
  163  10:01  Adept x3  
  163  10:08  Adept x4, Graviton Catapult  
  169  10:24  Adept x4  
  169  10:27  Protoss Ground Weapons Level 3  
  177  10:32  Photon Cannon  
  177  10:34  Photon Cannon x2  
  177  10:35  Photon Cannon  
  177  10:36  Gateway  
  177  10:37  Charge, Gateway  
  177  10:40  Gateway  
  177  10:43  Adept x3  
  177  10:44  Gateway  
  177  10:45  Adept x5  
  163  11:16  Pylon, Carrier x3 (Chrono Boost)  
  163  11:18  Pylon  
  181  11:22  Nexus  
  175  11:27  Stalker x3  
  175  11:28  Adept x3  
  176  11:46  Adept x4  
  181  11:55  Pylon  
  181  11:58  Pylon  
  181  12:00  Pylon  
  131  12:18  Adept x4  
  131  12:19  Adept x4  
  94  12:41  Probe x3  
  94  12:43  Observer  
  86  12:51  Stalker  
  86  12:52  Nexus, Stalker x2  
  86  12:53  Probe x2  
  86  12:56  Probe  
  93  13:04  Observer  
  94  13:05  Probe x2  
  95  13:18  Mothership Core  
  95  13:19  Mothership  
  86  13:26  Probe  
  87  13:28  Carrier (Chrono Boost)  
  87  13:32  Carrier (Chrono Boost)  
  89  13:43  Probe  
  89  13:44  Probe x2  
  89  13:45  Probe  
  83  13:54  Probe  
  83  13:56  Probe  
  83  13:57  Probe  
  83  14:02  Probe  
  93  14:05  Probe  
  95  14:14  Carrier (Chrono Boost)  
  100  14:18  Sentry x2  
  100  14:19  Probe x2  
  100  14:22  Adept  
  108  14:29  Probe x2  
  108  14:30  Probe  
  100  14:32  Sentry  
  100  14:34  Probe x2  
  104  14:41  Probe  
  104  14:43  Probe  
  104  14:45  Assimilator  
  105  14:51  Carrier (Chrono Boost)  
  111  14:54  Probe x2  
  111  14:55  Adept  
  111  14:56  Adept  
  111  14:57  Probe  
  111  14:59  Probe  
  119  15:01  Probe  
  119  15:06  Probe  
  121  15:09  Probe  
  121  15:10  Probe  
  123  15:17  Carrier (Chrono Boost)  
  126  15:23  Assimilator  
  126  15:24  Probe, Assimilator  
  126  15:26  Probe x2  
  123  15:37  Probe x2  
  123  15:38  Probe x2  
  123  15:39  Probe  
  123  15:41  Carrier (Chrono Boost)  
  134  15:51  Probe  
  134  15:54  Probe  
  134  15:56  Probe  
  134  15:57  Pylon  
  139  16:23  Nexus  
  139  16:24  Pylon  
  137  16:30  Assimilator x2  
  137  16:31  Adept x3  
Show
View Real Time Build Order
Export as new Build Order

IIIIIIIIIIII Terran - Winner!

Build Orders: Mech 

Get SALT Encoding   

  12  0:00  Unknown, SCV  
  13  0:12  SCV  
  14  0:18  Supply Depot  
  14  0:24  SCV  
  15  0:39  SCV  
  15  0:41  Barracks  
  16  0:46  Refinery  
  16  0:51  SCV  
  17  1:03  SCV  
  18  1:16  SCV  
  19  1:28  Orbital Command  
  19  1:31  Marine  
  20  1:42  Command Center  
  20  1:55  Factory  
  20  1:58  SCV  
  21  2:08  Barracks Reactor  
  21  2:11  Supply Depot, SCV  
  22  2:18  Refinery  
  22  2:23  SCV  
  23  2:35  SCV  
  24  2:42  Starport  
  24  2:45  Marine x2  
  24  2:47  SCV  
  27  2:51  Widow Mine  
  27  2:54  Orbital Command  
  29  2:59  SCV  
  29  3:03  Marine x2  
  32  3:11  SCV  
  33  3:21  Widow Mine, Marine  
  33  3:22  Marine  
  33  3:23  SCV  
  33  3:24  Medivac  
  40  3:28  SCV  
  40  3:30  Supply Depot  
  41  3:35  SCV  
  41  3:39  Marine x2  
  41  3:40  SCV  
  45  3:47  SCV  
  46  3:51  Widow Mine  
  46  3:52  SCV  
  46  3:53  Supply Depot  
  49  3:55  Viking  
  49  3:59  SCV  
  52  4:03  Marine x2  
  54  4:11  Supply Depot  
  54  4:14  SCV x2  
  54  4:16  Supply Depot  
  56  4:26  SCV  
  56  4:30  SCV  
  58  4:37  Cyclone  
  61  4:38  SCV  
  61  4:39  Command Center  
  61  4:41  Cyclone  
  61  4:44  SCV  
  66  4:51  SCV  
  67  4:57  Refinery, SCV  
  67  4:58  Refinery, Viking  
  70  5:03  SCV  
  69  5:08  Supply Depot  
  69  5:09  SCV  
  69  5:11  Engineering Bay  
  69  5:14  Cyclone  
  69  5:15  Barracks Tech Lab, SCV  
  69  5:21  SCV  
  71  5:22  Cyclone  
  71  5:27  SCV  
  75  5:28  Starport Tech Lab  
  75  5:33  SCV  
  75  5:34  Supply Depot  
  76  5:39  SCV  
  77  5:45  SCV  
  78  5:51  SCV  
  78  5:52  Orbital Command  
  78  5:54  Factory  
  78  5:55  Refinery  
  78  5:56  Factory, Widow Mine  
  78  5:57  Widow Mine, SCV  
  79  5:58  Starport Reactor  
  79  6:03  SCV  
  85  6:09  Factory, SCV  
  86  6:12  Factory, Supply Depot  
  86  6:17  SCV  
  87  6:19  SCV  
  87  6:21  SCV  
  87  6:22  Missile Turret  
  89  6:27  Missile Turret  
  89  6:28  Supply Depot  
  89  6:29  Missile Turret, Widow Mine x2  
  89  6:30  SCV  
  89  6:31  SCV  
  95  6:35  SCV  
  96  6:40  Siege Tank x2  
  96  6:42  SCV  
  96  6:43  SCV  
  96  6:46  Medivac, Supply Depot  
  106  6:51  Supply Depot  
  106  6:55  Supply Depot  
  106  6:56  Supply Depot, SCV x2  
  108  7:02  Missile Turret, Factory Tech Lab  
  108  7:03  Factory Reactor  
  108  7:05  SCV  
  108  7:08  SCV  
  110  7:12  Missile Turret  
  110  7:16  SCV  
  110  7:17  Armory x2, SCV  
  110  7:26  SCV  
  110  7:28  SCV  
  110  7:29  SCV  
  107  7:38  SCV  
  107  7:40  Command Center, SCV  
  107  7:41  SCV  
  110  7:45  Missile Turret, Supply Depot  
  110  7:50  SCV  
  111  7:53  Hellion x2  
  111  7:54  Hellion  
  111  7:55  Widow Mine x3, Supply Depot  
  111  7:57  Viking x2  
  127  8:05  Thor  
  133  8:06  Terran Vehicle Weapons Level 1  
  133  8:15  Terran Vehicle And Ship Armor Level 1  
  133  8:19  Hellion x2  
  135  8:20  Hellion  
  135  8:23  Thor  
  135  8:24  Hellion, Thor  
  147  8:28  SCV x2  
  147  8:30  Missile Turret  
  147  8:32  Viking x2  
  149  8:53  Thor  
  149  8:54  Hellion  
  149  8:55  Hellion  
  159  8:57  Command Center  
  159  8:58  Orbital Command  
  159  9:03  Hellion x2  
  159  9:06  Thor  
  159  9:07  Siege Tank  
  172  9:16  Hellion x2, SCV  
  177  9:18  Missile Turret  
  177  9:19  Missile Turret  
  174  9:35  SCV  
  168  9:38  Thor  
  168  9:39  Thor  
  168  9:40  Hellion x4  
  168  9:43  Refinery  
  168  9:45  Refinery  
  181  9:49  SCV x2  
  181  9:50  Hellion  
  176  9:55  SCV  
  176  9:56  SCV  
  176  10:01  SCV  
  177  10:08  SCV  
  177  10:09  SCV  
  177  10:10  SCV  
  180  10:27  Supply Depot x2  
  180  10:32  Missile Turret  
  180  10:33  Missile Turret, Planetary Fortress  
  180  10:34  Hellion x3, Siege Tank  
  189  10:39  Terran Vehicle Weapons Level 2  
  189  10:41  Terran Ship Weapons Level 1  
  187  10:51  SCV  
  181  10:57  Hellion x2  
  181  10:59  Hellion  
  167  11:05  Thor  
  167  11:07  Hellion  
  170  11:15  Hellion  
  172  11:19  SCV  
  172  11:21  SCV  
  172  11:23  Siege Tank  
  172  11:24  Hellion  
  179  11:32  SCV  
  178  11:35  Hellion  
  178  11:36  Siege Tank  
  175  11:40  Viking x2  
  175  11:43  SCV  
  177  11:49  Refinery  
  177  12:10  Viking x2  
  168  12:19  Hellion x2  
  168  12:20  SCV x2  
  145  12:27  Thor  
  145  12:28  Thor  
  145  12:29  Hellion x2  
  153  12:30  Command Center  
  153  12:33  SCV  
  134  12:38  Thor  
  134  12:40  Viking x2  
  138  12:47  Orbital Command  
  138  12:57  Missile Turret, Hellion x2  
  138  12:58  Infernal Pre-Igniter  
  142  13:03  Hellion  
  144  13:10  Thor  
  147  13:21  Thor x2  
  147  13:22  Hellion x3, Viking  
  147  13:24  Hellion  
  163  13:33  Viking  
  163  13:39  SCV x2  
  160  13:41  SCV  
  160  13:43  Hellion x12  
  165  13:53  Terran Vehicle Weapons Level 3, Terran Ship Weapons Level 2  
  165  14:01  Missile Turret, Refinery  
  161  14:03  Hellion, Siege Tank  
  161  14:04  Hellion  
  168  14:16  Missile Turret, Siege Tank  
  173  14:17  Hellion x3  
  173  14:18  Viking x2  
  173  14:20  Sensor Tower  
  181  14:25  Siege Tank  
  178  14:38  Starport  
  174  14:40  Starport, Thor  
  174  14:41  Hellion x2, Starport  
  180  14:46  Starport  
  180  14:48  Thor  
  180  14:50  Planetary Fortress  
  180  14:52  SCV  
  187  14:53  SCV x2  
  187  14:59  Viking  
  191  15:00  Viking  
  191  15:05  Missile Turret  
  191  15:06  Missile Turret, Refinery  
  193  15:07  Missile Turret  
  193  15:08  Refinery  
  193  15:15  Command Center x2  
  191  15:23  Thor  
  191  15:24  Thor  
  191  15:25  Hellion x2  
  190  15:50  SCV  
  190  15:52  Viking x3  
  190  15:53  Viking  
  199  15:57  Starport Reactor  
  199  16:17  SCV  
  197  16:33  Orbital Command  
  197  16:38  Command Center  
  195  16:40  Command Center  
Tags
 
Add a new tag
Caveats
  • Supply blocks, unpowered buildings, or Contaminate may cause inaccurate times.
  • Supply counts are checked every 10 seconds.